 Dungeon Crawl Stone Soup version 0.18-a0-1577-gf591c28 (webtiles) character file.

1699 septik the Chopper (level 8, -13/64 HPs)
             Began as a Demonspawn Gladiator on Mar 24, 2016.
             Was a Believer of Makhleb.
             Mangled by a hill giant
             ... wielding a +0 giant spiked club
              (15 damage)
             ... on level 6 of the Dungeon.
             The game lasted 00:19:51 (4950 turns).

septik the Chopper (Demonspawn Gladiator)           Turns: 4950, Time: 00:19:51

Health: -13/64     AC: 19    Str: 17    XL:     8   Next: 73%
Magic:  8/8        EV:  9    Int: 10    God:    Makhleb [**....]
Gold:   42         SH:  0    Dex: 14    Spells: 0 memorised, 7 levels left

rFire  . . .     SeeInvis .     A - +3 war axe (venom)
rCold  + . .     Gourm    .     c - +2 chain mail {rPois}
rNeg   . . .     Faith    .     (no shield)
rPois  +         Spirit   .     (helmet restricted)
rElec  .         Dismiss  .     (no cloak)
rCorr  .         Reflect  .     m - +0 pair of gloves
SustAt .         Harm     .     (no boots)
MR     .....                    (no amulet)
Stlth  ..........               (no ring)
                                s - ring of flight

@: not resistant to hostile enchantments, extremely unstealthy
A: antennae 2, iridescent scales 3, cold resistance 1, spiny 1
a: Minor Destruction, Renounce Religion, Evoke Flight


You were on level 6 of the Dungeon.
You worshipped Makhleb.
Makhleb was pleased with you.
You were not hungry.

You visited 2 branches of the dungeon, and saw 7 of its levels.

You collected 317 gold pieces.
You spent 275 gold pieces at shops.

Inventory:

Hand Weapons
 a - a +0 war axe
 A - a +3 war axe of venom (weapon)
Missiles
 d - 3 throwing nets (quivered)
 e - 122 stones
Armour
 c - a +2 chain mail of poison resistance (worn)
 m - a +0 pair of gloves (worn)
 y - a +0 ring mail
 z - a +1 leather armour of cold resistance
 C - a +1 chain mail
Jewellery
 g - an uncursed ring of stealth {unknown}
 s - a ring of flight (left hand)
 x - an uncursed ring of teleportation
Wands
 F - a wand of teleportation (5/9)
 G - a wand of lightning (7/15)
Scrolls
 b - 2 scrolls of magic mapping
 i - a scroll of blinking {unknown}
 j - 4 scrolls of identify
 p - a scroll of teleportation
 D - 2 scrolls of amnesia {unknown}
 H - 2 scrolls of enchant armour
 J - a scroll of enchant weapon {unknown}
 K - a scroll of vulnerability {unknown}
Potions
 h - 2 potions of cancellation
 k - 2 potions of brilliance {unknown}
 l - 2 potions of heal wounds
 n - 2 potions of degeneration {unknown}
 o - 2 potions of flight {unknown}
 q - 2 potions of resistance {unknown}
 r - 2 potions of lignification {unknown}
 w - 2 potions of haste {unknown}
 B - a potion of berserk rage {unknown}
 I - a potion of curing {unknown}
Books
 E - a book of Changes

   Spells                             Type                      Level
   a - Beastly Appendage              Transmutation                1
   b - Sticks to Snakes               Transmutation                2
   c - Spider Form                    Transmutation/Poison         3
   d - Ice Form                       Ice/Transmutation            4
   e - Blade Hands                    Transmutation                5
Comestibles
 f - 3 bread rations
 t - a meat ration
 u - a beef jerky
 v - 2 slices of pizza
 L - 7 chunks of flesh


   Skills:
 + Level 5.8 Fighting
 * Level 7.8 Axes
 - Level 1.9 Throwing
 + Level 5.7 Dodging


You had 7 spell levels left.
You didn't know any spells.

Dungeon Overview and Level Annotations

Branches:
Dungeon (6/15)             Temple (1/1) D:5

Altars:
Ashenzari
Cheibriados
Elyvilon
Fedhas
Gozag
Makhleb
Nemelex Xobeh
Okawaru
Pakellas
Qazlal
Ru
Sif Muna
Trog
Yredelemnul
The Shining One

Shops:
D:4 =   D:5 *


Innate Abilities, Weirdness & Mutations

You have a pair of antennae on your head.
You are completely covered in iridescent scales (AC +8).
Your flesh is cold resistant.
You are partially covered in sharp spines.


Message History

The hill giant barely misses you.
The giant gecko is struck by your spines.
The giant gecko bites you but does no damage.
You slash the hill giant!
The hill giant looks even sicker.
The hill giant is heavily wounded.
You closely miss the giant gecko.
The giant gecko is almost dead.
The giant gecko is struck by your spines.
You kill the giant gecko!
Makhleb accepts your kill.
You feel better.
The hill giant hits you with a giant spiked club!!
* * * LOW HITPOINT WARNING * * *
You barely miss the hill giant.
The hill giant is heavily wounded.
Unknown command.
You completely miss the hill giant.
The hill giant is heavily wounded.
The hill giant hits you with a giant spiked club!
You die...

### #.# #.####### #.......#
########.#####.# .........# #.#
######
##############.############....#
.....####......†@C........#.##.##
####.##......#.##########.#.#.C.#
# #.##......#.##.........#.#<..#
####.##......#.##.#########.#...#
.............#.##.# ##### #C#....
.##...#........##.# ...# #.#...#
......#.......###.# ###.###.#....
.#.)..#.......# #.# #.......#####
.)....#..#....# #.#.#.#..........


You could see a hill giant.

Vanquished Creatures
  Edmund (D:4)
  A water moccasin (D:5)
  2 sky beasts
  2 phantoms
  2 ogres
  The ghost of M4edhros the Sneak, an amateur OpAr (D:3)
  2 giant frogs (D:6)
  3 wights (D:6)
  A jelly (D:6)
  A howler monkey (D:4)
  A crimson imp (D:5)
  2 orc priests
  A centaur skeleton (D:6)
  3 orc wizards (D:4)
  3 iguanas
  4 worker ants
  A hound skeleton (D:6)
  3 adders
  2 oozes
  4 worms
  2 dart slugs
  7 giant geckos
  8 orcs
  6 bats
  8 giant cockroaches
  7 goblins
  9 hobgoblins
  14 jackals
  6 kobolds
  4 quokkas
  4 ball pythons
  6 giant newts
  3 rats
124 creatures vanquished.

Notes
Turn   | Place    | Note
--------------------------------------------------------------
     0 | D:1      | septik the Demonspawn Gladiator began the quest for the Orb.
     0 | D:1      | Reached XP level 1. HP: 16/16 MP: 1/1
   194 | D:1      | Gained mutation: You have a pair of small antennae on your head. [demonic ancestry]
   194 | D:1      | Reached XP level 2. HP: 22/22 MP: 2/2
   222 | D:1      | Reached skill level 3 in Axes
   833 | D:2      | Gained mutation: You are partially covered in iridescent scales (AC +4). [demonic ancestry]
   833 | D:2      | Reached XP level 3. HP: 28/28 MP: 3/3
  1097 | D:2      | Found a basalt altar of Yredelemnul.
  1422 | D:2      | Found a sparkling altar of Nemelex Xobeh.
  1428 | D:2      | Gained mutation: You are mostly covered in iridescent scales (AC +6). [demonic ancestry]
  1428 | D:2      | Reached XP level 4. HP: 30/34 MP: 4/4
  1691 | D:2      | Found a burning altar of Makhleb.
  1696 | D:2      | Became a worshipper of Makhleb the Destroyer
  1773 | D:3      | Found a glowing golden altar of the Shining One.
  1866 | D:3      | Noticed M4edhros's ghost (amateur OpAr)
  1878 | D:3      | Killed M4edhros's ghost
  1878 | D:3      | Reached skill level 4 in Axes
  1878 | D:3      | Gained mutation: You are partially covered in sharp spines. [demonic ancestry]
  1878 | D:3      | Reached XP level 5. HP: 24/41 MP: 5/5
  1917 | D:3      | HP: 2/41 [poisoned by M4edhros's ghost]
  2557 | D:3      | Reached * piety under Makhleb
  2935 | D:4      | Found Poqoim's Jewellery Boutique.
  2978 | D:4      | Noticed Edmund
  2991 | D:4      | Killed Edmund
  2991 | D:4      | Reached skill level 5 in Axes
  2991 | D:4      | Gained mutation: You are completely covered in iridescent scales (AC +8). [demonic ancestry]
  2991 | D:4      | Reached XP level 6. HP: 29/48 MP: 6/6
  3778 | D:4      | Gained mutation: You have a pair of antennae on your head. [demonic ancestry]
  3778 | D:4      | Reached XP level 7. HP: 54/54 MP: 7/7
  3854 | D:5      | Entered Level 5 of the Dungeon
  3856 | D:5      | Found a deep blue altar of Sif Muna.
  3883 | D:5      | Reached skill level 6 in Axes
  4006 | D:5      | Reached ** piety under Makhleb
  4020 | D:5      | Found a staircase to the Ecumenical Temple.
  4052 | Temple   | Entered the Ecumenical Temple
  4170 | D:5      | Found Nyonatux's Serpentskin Sales.
  4272 | D:6      | Reached skill level 5 in Fighting
  4272 | D:6      | Gained mutation: Your flesh is cold resistant. [demonic ancestry]
  4272 | D:6      | Reached XP level 8. HP: 53/62 MP: 8/8
  4350 | D:6      | Found a bloodstained altar of Trog.
  4355 | D:6      | Reached skill level 5 in Dodging
  4370 | D:6      | Noticed a hill giant
  4373 | D:6      | Reached skill level 7 in Axes
  4544 | D:5      | Bought a +3 war axe of venom for 275 gold pieces
  4694 | D:6      | Found a white marble altar of Elyvilon.
  4948 | D:6      | HP: 2/64 [hill giant/giant spiked club (30)]
  4950 | D:6      | Mangled by a hill giant

Vault maps used:
D:1:      dpeg_arrival_pits, minmay_misc_feat_secret_circle
D:2:      lightli_temple_of_fire, nemelex_xobeh_ov_fountains_minmay,
          lemuel_doored_altar, minmay_misc_feat_doors
D:3:      nicolae_overflow_crystal_walls, first_bread
D:4:      serial_shops, shop, uniq_edmund
D:5:      led_sif_pool, minmay_temple_entry_junction, guppyfry_shop_venom
D:6:      elyvilon_altar_4, overflow_temple_1_default
Temple:   temple_eino_lava_12

Skill      XL: |  1  2  3  4  5  6  7  8 |
---------------+-------------------------+-----
Axes           | 3 4 5 6 7 |  7.8
Fighting       | 3 4 5 |  5.8
Dodging        | 3 4 5 |  5.7
Throwing       | |  1.9

Action                   |  1- 3 |  4- 6 |  7- 9 || total
-------------------------+-------+-------+-------++-------
Melee: War axe           |   127 |   101 |    94 ||   322
  Use: Scroll            |       |    10 |       ||    10
  Eat: Chunk             |     2 |     7 |     4 ||    13
